 Dungeon Crawl Stone Soup version 0.31-a0-640-g39d97e502b (webtiles) character file.

Game seed: 14724913399739581391

2351 qw the Skirmisher (level 9, 0/57 HPs)
             Began as a Gargoyle Hunter on Aug 27, 2023.
             Was an Initiate of Okawaru.
             Slain by a troll (3 damage)
             ... on level 7 of the Dungeon.
             The game lasted 00:02:28 (6611 turns).

qw the Skirmisher (Gargoyle Hunter)                 Turns: 6611, Time: 00:02:29

Health: 0/57       AC: 13    Str: 15    XL:     9   Next: 43%
Magic:  9/9        EV: 11    Int: 10    God:    Okawaru [......]
Gold:   399        SH:  0    Dex: 17    Spells: 8/8 levels left

rFire   . . .        Y - +0 orcbow
rCold   . . .        (shield currently unavailable)
rNeg    + . .        e - +0 ring mail
rPois   inf          (no helmet)
rElec   +            (no cloak)
rCorr   .            (no gloves)
SInv    +            n - +0 pair of boots
Will    .....        (no amulet)
Stlth   +            d - +4 ring of slaying {mikee}
HPRegen 0.29/turn    b - ring of see invisible
MPRegen 0.11/turn

%: no passive effects
@: no status effects
A: sickness immunity, AC +6, negative energy resistance 1, electricity
resistance, torment resistance 1, petrification resistance
a: Renounce Religion


You were on level 7 of the Dungeon.
You worshipped Okawaru.
Okawaru was noncommittal.
You visited 2 branches of the dungeon, and saw 8 of its levels.
You also visited: Sewer.

You collected 399 gold pieces.


Innate Abilities, Weirdness & Mutations

You are immune to sickness and miasma.
Your stone body is resilient. (AC +6)
You are immune to poison.
You resist negative energy. (rN+)
You are resistant to electric shocks. (rElec)
You are resistant to unholy torment.
You are immune to petrification.


   Skills:
 - Level 7.0 Fighting
 + Level 10.4 Ranged Weapons
 - Level 4.7 Armour
 - Level 2.1 Dodging
 - Level 1.1 Stealth


You had 8 spell levels left.
You didn't know any spells.
Your spell library was empty.

Inventory:

Hand Weapons
 Y - a +0 orcbow (weapon)
Armour
 e - a +0 ring mail (worn)
 n - a +0 pair of boots (worn)
Jewellery
 b - a ring of see invisible (right hand)
 d - a +4 ring of slaying (left hand) {mikee}
 f - a ring of resist corrosion
Wands
 o - a wand of digging (7)
Scrolls
 l - a scroll of identify
Potions
 a - a potion of enlightenment
 c - 2 potions of haste
 h - a potion of cancellation {unknown}
 i - a potion of ambrosia {unknown}
 j - a potion of invisibility {unknown}
 r - 3 potions of curing

Dungeon Overview and Level Annotations

Branches:
Dungeon (7/15)             Temple (1/1) D:6           Sewer (visited)

Altars:
Ashenzari
Cheibriados
Dithmenos
Elyvilon
Fedhas
Gozag
Hepliaklqana
Kikubaaqudgha
Makhleb
Nemelex Xobeh
Okawaru
Qazlal
Ru
Sif Muna
Uskayaw
Vehumet
Wu Jian
Xom
Yredelemnul
Zin
The Shining One

Shops:
D:2 :

Portals:
Bailey: D:7


Message History

The troll is lightly wounded.
You shoot an arrow. The arrow barely misses the troll.
You shoot an arrow. The arrow hits the troll.
The troll is lightly wounded.
You shoot an arrow. The arrow hits the troll!
The troll is heavily wounded.
You shoot an arrow. The arrow barely misses the troll.
You shoot an arrow. The arrow barely misses the troll.
You shoot an arrow. The arrow closely misses the troll.
The troll bites you. The troll misses you.
The troll claws you but does no damage.
You shoot an arrow. The arrow closely misses the troll.
The troll barely misses you. The troll claws you.
The troll claws you but does no damage. The troll bites you but does no damage.
The troll completely misses you. The troll closely misses you.
You shoot an arrow. The arrow closely misses the troll.
The troll barely misses you. The troll claws you but does no damage.
The troll claws you.
You shoot an arrow. The arrow closely misses the troll.
The troll closely misses you. x2; The troll claws you but does no damage.
You shoot an arrow.
The arrow hits the troll but does no damage.
The troll is moderately wounded.
The troll barely misses you. The troll claws you but does no damage.
The troll claws you!
You shoot an arrow. The arrow hits the troll.
The troll is moderately wounded.
The troll barely misses you. The troll claws you.
The troll claws you but does no damage.
You shoot an arrow. The arrow barely misses the troll.
The troll barely misses you. The troll claws you but does no damage.
The troll claws you.
You shoot an arrow.
The arrow hits the troll but does no damage.
The troll is moderately wounded.
The troll bites you but does no damage. The troll claws you.
The troll closely misses you.
You shoot an arrow. The arrow closely misses the troll.
The troll bites you! The troll claws you.
You die...

#..#.......
##...#..#.........
#...####........#
##### #......)##
##......).##
#..........
#....)....
#>......T##
#.......@.####
##....##.....#
#.....#......#
###............)#
#.........##.....#
##....##### #...##
##..## ..## ####
...# ..#


You could see a troll.

Vanquished Creatures
  Sigmund (D:2)
  Menkaure (D:6)
  Pargi (Sewer)
  2 orc warriors
  An ice beast (D:6)
  An ogre (D:6)
  A centaur (D:6)
  3 phantoms
  A kobold brigand (D:6)
  Blork the orc (D:6)
  3 scorpions
  3 wights (D:7)
  2 howler monkeys (D:7)
  A jelly (D:4)
  10 orc priests
  A gnoll bouda (D:6)
  3 iguanas
  Terence (D:2)
  3 orc wizards (D:5)
  8 adders
  2 ufetubi (D:6)
  A worm (D:2)
  4 dart slugs
  26 orcs
  6 ball pythons
  6 endoplasms
  8 giant cockroaches
  13 goblins
  5 hobgoblins
  5 jackals (D:3)
  6 quokkas
  5 bats
  7 frilled lizards
  13 kobolds
  3 rats
158 creatures vanquished.

Notes
Turn   | Place    | Note
-------+----------+-------------------------------------------
     0 | D:1      | qw the Gargoyle Hunter began the quest for the Orb.
     0 | D:1      | Reached XP level 1. HP: 12/12 MP: 1/1
     0 | D:1      | 0 ||| qw: Version: 0.3-a-74-g0d5e918
     0 | D:1      | 0 ||| qw: Game counter: 61
     0 | D:1      | 0 ||| qw: Melee chars always use a shield: true
     0 | D:1      | 0 ||| qw: God list: Okawaru
     0 | D:1      | 0 ||| qw: Allow faded altars: false
     0 | D:1      | 0 ||| qw: Do Orc after clearing Dungeon:15 true
     0 | D:1      | 0 ||| qw: Do second Lair branch before Depths: true
     0 | D:1      | 0 ||| qw: Lair rune preference: random
     0 | D:1      | 0 ||| qw: Goals: Normal
     0 | D:1      | 0 ||| PLANNING D:1-11
   236 | D:1      | Reached XP level 2. HP: 17/17 MP: 2/2
   806 | D:1      | 806 ||| UPGRADING to +4 ring of slaying {mikee}.
   807 | D:1      | 807 ||| READING scroll labelled ULETEH JY ZUN.
   808 | D:1      | 808 ||| DROPPING scroll of butterflies.
  1270 | D:2      | Reached skill level 5 in Ranged Weapons
  1270 | D:2      | Reached XP level 3. HP: 18/21 MP: 3/3
  1303 | D:2      | 1303 ||| UPGRADING to +0 ring mail.
  1350 | D:2      | 1350 ||| DROPPING +0 leather armour.
  1459 | D:2      | 1459 ||| UPGRADING to ring of see invisible.
  1460 | D:2      | 1460 ||| READING scroll labelled MITHYJAKIV.
  1470 | D:2      | Noticed Sigmund
  1474 | D:2      | Killed Sigmund
  1475 | D:2      | Reached XP level 4. HP: 14/26 MP: 4/4
  1475 | D:2      | Reached XP level 5. HP: 17/30 MP: 5/5
  1613 | D:2      | Found Bojiang's Book Shoppe.
  1613 | D:2      | Noticed Terence
  1620 | D:2      | Killed Terence
  1621 | D:2      | Reached XP level 6. HP: 27/36 MP: 6/6
  2114 | D:2      | Reached skill level 3 in Fighting
  2175 | D:2      | 2175 ||| READING scroll labelled BAONGEU DOUSMA.
  2228 | D:3      | 2228 ||| PLANNING SEWER
  2344 | D:3      | 2344 ||| FLEEEEING.
  2345 | D:3      | 2345 ||| FLEEEEING.
  2433 | D:3      | Found a glowing drain.
  2434 | D:3      | 2434 ||| READING scroll labelled YNLEOGAVOF.
  2439 | D:3      | 2439 ||| Stepping ~*~*~tactically~*~*~ (water).
  2451 | Sewer    | Entered a sewer
  2544 | Sewer    | Noticed Pargi
  2572 | Sewer    | Killed Pargi
  2573 | Sewer    | Reached skill level 6 in Ranged Weapons
  2637 | Sewer    | 2637 ||| DRINKING 2 lumpy cyan potions.
  2653 | D:3      | 2653 ||| PLANNING D:1-11
  2734 | D:3      | Found a sacrificial altar of Ru.
  2736 | D:3      | Found an ornate altar of the Wu Jian Council.
  3054 | D:3      | 3054 ||| UPGRADING to +0 pair of boots.
  3059 | D:3      | 3059 ||| UPGRADING to amulet of guardian spirit.
  3064 | D:3      | 3064 ||| DROPPING amulet of magic regeneration.
  3065 | D:3      | 3065 ||| READING scroll labelled SATELO VITA.
  3066 | D:3      | 3066 ||| DRINKING 2 sedimented orange potions.
  3608 | D:4      | Reached XP level 7. HP: 42/42 MP: 7/7
  3825 | D:4      | 3825 ||| DROPPING scarf of invisibility.
  3826 | D:4      | 3826 ||| DROPPING +6 ring of intelligence.
  3827 | D:4      | 3827 ||| READING 2 scrolls labelled REULELIOZO.
  3828 | D:4      | 3828 ||| DRINKING 3 cyan potions.
  3932 | D:4      | 3932 ||| DRINKING 2 glowing cyan potions.
  3933 | D:4      | 3933 ||| DROPPING 2 potions of berserk rage.
  3934 | D:4      | 3934 ||| DROPPING scroll of fog.
  3977 | D:5      | Entered Level 5 of the Dungeon
  4070 | D:5      | Identified the +0 long sword "Lamuocus" {freeze, rF+ Int+5}
  4088 | D:5      | HP: 10/43 [orc priest/divine providence (9)]
  4089 | D:5      | 4089 ||| READING scroll of teleportation.
  4090 | D:5      | 4090 ||| DRINKING potion of heal wounds.
  4153 | D:5      | Reached skill level 7 in Ranged Weapons
  4312 | D:5      | 4312 ||| Stepping ~*~*~tactically~*~*~ (outnumbered).
  4315 | D:5      | 4315 ||| Stepping ~*~*~tactically~*~*~ (outnumbered).
  4320 | D:5      | HP: 8/43 [orc warrior/+0 glaive (12)]
  4321 | D:5      | 4321 ||| DRINKING potion of heal wounds.
  4322 | D:5      | 4322 ||| Stepping ~*~*~tactically~*~*~ (outnumbered).
  4454 | D:5      | Reached XP level 8. HP: 48/48 MP: 8/8
  4485 | D:5      | Reached skill level 8 in Ranged Weapons
  4750 | D:5      | 4750 ||| Stepping ~*~*~tactically~*~*~ (outnumbered).
  4877 | D:5      | 4877 ||| FLEEEEING.
  4878 | D:5      | 4878 ||| FLEEEEING.
  4879 | D:5      | 4879 ||| FLEEEEING.
  4880 | D:5      | 4880 ||| FLEEEEING.
  4881 | D:5      | 4881 ||| FLEEEEING.
  4882 | D:5      | 4882 ||| FLEEEEING.
  4887 | D:5      | 4887 ||| FLEEEEING.
  4888 | D:5      | 4888 ||| FLEEEEING.
  4889 | D:5      | 4889 ||| FLEEEEING.
  4899 | D:5      | 4899 ||| FLEEEEING.
  4900 | D:5      | 4900 ||| FLEEEEING.
  4901 | D:5      | 4901 ||| FLEEEEING.
  4902 | D:5      | 4902 ||| FLEEEEING.
  4904 | D:5      | 4904 ||| FLEEEEING.
  4905 | D:5      | 4905 ||| FLEEEEING.
  4906 | D:5      | 4906 ||| FLEEEEING.
  4907 | D:5      | 4907 ||| FLEEEEING.
  4908 | D:5      | 4908 ||| FLEEEEING.
  5182 | D:5      | 5182 ||| READING 2 scrolls of identify.
  5182 | D:5      | 5182 ||| IDENTIFYING black potion
  5309 | D:6      | 5309 ||| SWAPPING to +0 orcbow.
  5310 | D:6      | 5310 ||| DROPPING +0 shortbow.
  5376 | D:6      | Reached skill level 9 in Ranged Weapons
  5387 | D:6      | 5387 ||| RETREATING.
  5389 | D:6      | 5389 ||| RETREATING.
  5391 | D:6      | 5391 ||| FLEEEEING.
  5392 | D:6      | 5392 ||| FLEEEEING.
  5394 | D:6      | 5394 ||| Stepping ~*~*~tactically~*~*~ (retreating).
  5507 | D:6      | Reached skill level 6 in Fighting
  5534 | D:6      | 5534 ||| FLEEEEING.
  5535 | D:6      | 5535 ||| FLEEEEING.
  5536 | D:6      | 5536 ||| FLEEEEING.
  5537 | D:6      | 5537 ||| FLEEEEING.
  5538 | D:6      | 5538 ||| FLEEEEING.
  5539 | D:6      | 5539 ||| FLEEEEING.
  5540 | D:6      | 5540 ||| FLEEEEING.
  5578 | D:6      | Reached XP level 9. HP: 51/55 MP: 7/9
  5789 | D:6      | Noticed Blork the orc
  5800 | D:6      | Killed Blork the orc
  5862 | D:6      | Found a staircase to the Ecumenical Temple.
  5863 | D:6      | 5863 ||| PLANNING TEMPLE
  5863 | D:6      | 5863 ||| READING scroll labelled MILACW QOJU.
  5864 | D:6      | 5864 ||| DRINKING 2 murky ruby potions.
  5892 | D:6      | 5892 ||| DROPPING potion of lignification.
  5902 | Temple   | Entered the Ecumenical Temple
  5903 | Temple   | 5903 ||| PLANNING D:1-11
  5925 | D:6      | Found a white marble altar of Elyvilon.
  5928 | D:6      | Found an iron altar of Okawaru.
  5929 | D:6      | 5929 ||| PLANNING OKAWARU WORSHIP
  5932 | D:6      | Became a worshipper of Warmaster Okawaru
  5933 | D:6      | 5933 ||| PLANNING D:1-11
  5933 | D:6      | 5933 ||| REMOVING amulet of guardian spirit.
  5943 | D:6      | Found a broken altar of Ashenzari.
  5946 | D:6      | Found a shimmering blue altar of Sif Muna.
  6082 | D:6      | Reached skill level 10 in Ranged Weapons
  6259 | D:6      | Noticed Menkaure
  6264 | D:6      | Killed Menkaure
  6340 | D:6      | 6340 ||| DROPPING amulet of guardian spirit.
  6341 | D:6      | 6341 ||| READING 2 scrolls of identify.
  6341 | D:6      | 6341 ||| IDENTIFYING fuming cyan potion
  6342 | D:6      | 6342 ||| DROPPING potion of brilliance.
  6453 | D:7      | Found a flagged portal.
  6461 | D:7      | 6461 ||| Stepping ~*~*~tactically~*~*~ (outnumbered).
  6485 | D:7      | Noticed a troll
  6487 | D:7      | 6487 ||| FLEEEEING.
  6488 | D:7      | 6488 ||| RETREATING.
  6489 | D:7      | 6489 ||| RETREATING.
  6489 | D:7      | HP: 13/57 [troll (3)]
  6490 | D:7      | 6490 ||| READING scroll of teleportation.
  6491 | D:7      | 6491 ||| DRINKING potion of heal wounds.
  6492 | D:7      | 6492 ||| Stepping ~*~*~tactically~*~*~ (retreating).
  6568 | D:7      | Reached * piety under Okawaru
  6569 | D:7      | 6569 ||| INVOKING Heroism.
  6611 | D:7      | HP: 3/57 [troll (13)]
  6611 | D:7      | Slain by a troll

Levels and vault maps discovered:
D:1:      dpeg_cavernosity, layout_basic
D:2:      layout_basic, serial_co_window_serial, co_window_paths_b,
          co_window_paths_a, co_window_paths_b, co_window_paths_b,
          co_window_paths_a, co_window_corner_a, co_window_2corner,
          co_window_corner_b, co_window_corner_b, co_window_corner_b,
          co_window_sun, glass_columns_a, glass_columns_a, glass_columns_a,
          glass_columns_a, serial_shops, shop, uniq_sigmund, uniq_terence
D:3:      layout_basic, mainiacjoe_overflow_catwalk_spiral, portal_sewer_entry_f
D:4:      layout_basic
D:5:      layout_loops_corners, minmay_misc_feat_roman
D:6:      layout_loops_ring, grunt_temple_overflow_cloverleaf,
          minmay_temple_entry_trees, kennysheep_generic_room_9,
          uniq_blork_the_orc, uniq_menkaure
D:7:      layout_cave_pools, enter_bailey_5, minmay_manual_moon
Temple:   bh_familiar_temple

Skill      XL: |  1  2  3  4  5  6  7  8  9 |
---------------+----------------------------+-----
Ranged Weapons | 5 6 7 9 10 | 10.4
Armour         | 4 |  4.7
Fighting       | 3 4 6 7 |  7.0
Dodging        | 2 |  2.1
Stealth        | |  1.1

Action                     |  1- 3 |  4- 6 |  7- 9 || total
---------------------------+-------+-------+-------++-------
   Fire: Shortbow          |    75 |   151 |   152 ||   378
         Orcbow            |       |       |   156 ||   156
 Invoke: Heroism           |       |       |     1 ||     1
    Use: Scroll            |     2 |     3 |     6 ||    11
         Potion            |       |     2 |     6 ||     8
 Armour: Leather armour    |    15 |       |       ||    15
         Ring mail         |       |    63 |    69 ||   132
  Dodge: Dodged            |    17 |    56 |    95 ||   168

Table legend:
 A = Non-vault XP
 B = Vault XP
 C = Vault XP percentage of total XP
 D = Non-vault monster count
 E = Vault monster count
 F = Vault count percentage of total count
                 A         B        C        D         E       F
            +---------+---------+-------+---------+---------+-------
      Total |    2533 |     826 |  24.6 |     133 |      25 |  15.8
            +---------+---------+-------+---------+---------+-------
        D:1 |      15 |       5 |  25.0 |      10 |       4 |  28.6
        D:2 |      56 |     267 |  82.7 |      18 |       2 |  10.0
        D:3 |      52 |      10 |  16.1 |      20 |       5 |  20.0
        D:4 |     111 |       0 |   0.0 |      15 |       0 |   0.0
        D:5 |     860 |       0 |   0.0 |      34 |       0 |   0.0
        D:6 |     979 |     394 |  28.7 |      26 |       4 |  13.3
        D:7 |     460 |       8 |   1.7 |      10 |       4 |  28.6
      Sewer |       0 |     142 | 100.0 |       0 |       6 | 100.0
            +---------+---------+-------+---------+---------+-------
